 Dungeon Crawl Stone Soup version 0.30-a0-116-g3b1a8e4ee4 (webtiles) character file.

Game seed: 11079477929988204820

38721 frimble the Carver (level 13, 0/103 HPs)
             Began as a Demonspawn Hexslinger on Sept 13, 2022.
             Was an Elder of Cheibriados.
             Slain by a troll (6 damage)
             ... on level 13 of the Dungeon.
             The game lasted 00:20:31 (17104 turns).

frimble the Carver (Demonspawn Hexslinger)         Turns: 17104, Time: 00:20:32

Health: 0/103      AC: 28    Str: 20    XL:     13   Next: 65%
Magic:  0/22       EV: 17    Int: 26    God:    Cheibriados [****..]
Gold:   874        SH:  4    Dex: 25    Spells: 15/16 levels left

rFire   + . .      SeeInvis .    H - +3 rapier
rCold   . . .      Faith    .    (no shield)
rNeg    . . .      Spirit   +    L - +0 acid dragon scales
rPois   +          Reflect  .    O - +1 helmet
rElec   .          Harm     .    j - +1 cloak
rCorr   +          Rampage  .    n - +4 pair of gloves of the Griffon {rF+}
Will    .....                    R - +1 pair of boots
Stlth   ++........               f - amulet of guardian spirit
HPRegen 0.27/turn                g - ring of poison resistance
MPRegen 0.18/turn                t - +4 ring of protection

@: mighty, about to teleport, very slow
A: molten scales 2, icemail 1, spiny 1, condensation shield, demonic touch 1
a: Renounce Religion, Bend Time, Temporal Distortion, Slouch


You were on level 13 of the Dungeon.
You worshipped Cheibriados.
Cheibriados was greatly pleased with you.
You visited 2 branches of the dungeon, and saw 16 of its levels.

You collected 874 gold pieces.

Inventory:

Hand Weapons
 a - a +2 sling
 b - a +2 long sword of protection
 H - a +3 rapier (weapon)
 K - a +4 great sword of freezing
Missiles
 B - 2 throwing nets
 Q - 4 curare-tipped darts
Armour
 j - a +1 cloak (worn)
 n - the +4 pair of gloves of the Griffon (worn) {rF+}
   (You found it on level 2 of the Dungeon)

   rF:        It protects you from fire.
 w - +0 fire dragon scales
 z - a +0 scale mail of cold resistance
 L - +0 acid dragon scales (worn)
 O - a +1 helmet (worn)
 R - a +1 pair of boots (worn)
Jewellery
 d - a ring of fire
 f - an amulet of guardian spirit (around neck)
 g - a ring of poison resistance (left hand)
 t - a +4 ring of protection (right hand)
 x - a ring of protection from fire
 y - a ring of protection from fire
 D - a ring of see invisible
 E - a ring of flight
 F - a ring of protection from cold
Wands
 o - a wand of acid (10)
 r - a wand of polymorph (2)
 J - a wand of digging (6)
Scrolls
 c - 3 scrolls of enchant weapon
 k - 2 scrolls of enchant armour
 p - 4 scrolls of vulnerability
 q - 6 scrolls of teleportation
 s - a scroll of identify
 G - 2 scrolls of magic mapping
Potions
 e - 2 potions of might
 h - 4 potions of curing
 i - 3 potions of mutation
 l - 3 potions of lignification
 m - 2 potions of cancellation
 u - 2 potions of ambrosia
 v - a potion of haste
 A - a potion of degeneration {unknown}
 M - a potion of brilliance {unknown}
 N - a potion of magic {unknown}
Miscellaneous
 C - a tin of tremorstones (1/2)


   Skills:
 + Level 10.0 Fighting
 + Level 13.6 Long Blades
 - Level 4.0 Ranged Weapons
 - Level 7.3 Dodging
 - Level 2.1 Spellcasting
 - Level 4.0 Hexes
 + Level 12.4 Invocations
 - Level 9.0 Evocations


You had 15 spell levels left.
You knew the following spells:

 Your Spells              Type           Power      Damage    Failure   Level
a - Slow                  Hex            92%        N/A       2%          1

Your spell library contained the following spells:

 Spells                   Type           Power      Damage    Failure   Level
 Magic Dart               Conj           8%         1d3       14%         1
 Sandblast                Erth           4%         2d4       14%         1
 Inner Flame              Hex/Fire       13%        N/A       19%         3
 Portal Projectile        Hex/Tloc       26%        N/A       19%         3
 Call Imp                 Summ           2%         N/A       21%         2
 Passwall                 Tmut/Erth      1%         N/A       21%         2
 Cause Fear               Hex            11%        N/A       26%         4
 Frozen Ramparts          Ice            4%         1d1       38%         3
 Gell's Gravitas          Tloc           2%         N/A       38%         3
 Lesser Beckoning         Tloc           2%         N/A       38%         3
 Mephitic Cloud           Conj/Pois/Air  2%         N/A       38%         3
 Stone Arrow              Conj/Erth      4%         3d7       38%         3
 Teleport Other           Tloc           2%         N/A       38%         3
 Ice Form                 Ice/Tmut       2%         N/A       80%         4
 Summon Ice Beast         Ice/Summ       2%         N/A       80%         4
 Discord                  Hex            11%        N/A       100%        8


Dungeon Overview and Level Annotations

Branches:
Dungeon (15/15)            Temple (1/1) D:6            Lair (0/5) D:8
    Orc (0/2) D:9          Depths (0/4) D:15
 Vaults: D:13-14

Altars:
Ashenzari
Cheibriados
Dithmenos
Fedhas
Gozag
Hepliaklqana
Kikubaaqudgha
Makhleb
Nemelex Xobeh
Okawaru
Qazlal
Sif Muna
Uskayaw
Vehumet
Wu Jian
Xom
Yredelemnul
Lugonu

Annotations:
D:11 3 runed translucent doors, Daxter95's ghost, journeyman MiBe
D:14 1 runed translucent door, Frances; Jekitz's ghost, journeyman MiBe


Innate Abilities, Weirdness & Mutations

You are mostly covered in molten scales. (AC +3)
A meltable icy envelope protects you from harm. (AC +4)
You are partially covered in sharp spines.
A meltable shield of frost defends you. (SH +4)
Your touch may inflict minor irresistible damage on your foes.


Message History

The seven-headed hydra closely misses you.
The seven-headed hydra bites you but does no damage.
You block the seven-headed hydra's attack.
The seven-headed hydra bites you but does no damage.
The rakshasa weaves an illusion.
The troll shimmers and seems to become two!
The vault guard misses you.
You puncture the seven-headed hydra!
You kill the seven-headed hydra!
Cheibriados thoroughly appreciates the change of pace.
The rakshasa completely misses you. The troll barely misses you.
The troll claws you but does no damage. You block the troll's attack. x2
The troll claws you.
* * * LOW HITPOINT WARNING * * *
The troll claws you but does no damage. The vault guard barely misses you.
Your tin of tremorstones (1/2) has regained one charge.
As you read the scroll of teleportation, it crumbles to dust.
You feel strangely unstable. The rakshasa closely misses you.
The troll is struck by your spines. The troll barely misses you. x2
The troll claws you!
* * * LOW HITPOINT WARNING * * *
The vault guard hits you but does no damage.
The troll is struck by your spines. The troll misses you.
You block the troll's attack. The troll claws you!
* * * LOW HITPOINT WARNING * * *
The rakshasa attacks as you move away! The rakshasa is struck by your spines.
The rakshasa hits you but does no damage.
The rakshasa blinks!
The vault guard misses you. The troll is struck by your spines.
The troll bites you but does no damage. The troll closely misses you.
The troll claws you but does no damage. The troll attacks as you move away!
The troll bites you but does no damage.
The troll claws you but does no damage. x2
The vault guard hits you with a +0 great mace!
* * * LOW HITPOINT WARNING * * *
The troll is struck by your spines. The troll bites you but does no damage.
The troll claws you but does no damage. You block the troll's attack.
The troll bites you but does no damage. The troll claws you but does no damage.
The troll misses you. You block the vault guard's attack.
The troll attacks as you move away! The troll bites you.
You die...

##### ######## . #...#
#......##... #...#
#........... #...#
#..@..##.... #...#
#.TTp## . #...# #..p##
########...###...##
..........>.......#
................R..#
.....>..............#
...###'#............'.
...#...####....#....#.Q


You could see 2 vault guards, a rakshasa and 2 trolls.

Vanquished Creatures
  Rupert (D:12)
  A stone giant (D:15)
  Josephine (D:11)
  2 hydras
  2 vault guards (D:13)
  A boulder beetle (D:15)
  4 centaur warriors
  Urug (D:13)
  2 tengu warriors (D:15)
  Sonja (D:11)
  4 skeletal warriors (D:12)
  Pikel (D:4)
  An orc knight (D:15)
  A deep elf pyromancer (D:8)
  3 manticores
  21 ugly things
  3 cyclopes
  Maurice (D:9)
  An unseen horror (D:13)
  3 kobold demonologists (D:12)
  4 komodo dragons (D:8)
  A yaktaur (shapeshifter) (D:14)
  2 trolls
  A hornet (D:9)
  A hornet (shapeshifter) (D:14)
  Prince Ribbit (D:8)
  3 slime creatures (D:12)
  Grinder (D:5)
  4 wyverns
  A vampire (D:10)
  5 wraiths (D:11)
  A shadow (D:9)
  17 yaks
  2 steam dragons
  2 basilisks
  5 vampire mosquitoes
  A water moccasin (D:8)
  2 acid dragons (D:11)
  Duvessa (D:7)
  2 ice beasts
  6 orc warriors
  2 sky beasts
  2 ogres (D:5)
  11 centaurs
  Blork the orc (D:6)
  6 kobold brigands
  A bullfrog (D:7)
  A necrophage (D:7)
  2 gnoll sergeants
  2 scorpions (D:6)
  5 wights (D:8)
  Dowan (D:7)
  5 killer bees (D:8)
  An electric eel (D:12)
  A jelly (D:6)
  2 gnoll boudas (D:7)
  8 orc priests
  3 iguanas
  11 orc wizards
  20 gnolls
  8 adders
  A shadow imp (D:8)
  A white imp (D:4)
  2 ufetubi
  2 worms
  2 dart slugs
  37 orcs
  5 bats
  7 endoplasms
  4 giant cockroaches
  8 goblins
  6 hobgoblins
  14 jackals
  42 kobolds
  4 quokkas
  10 ball pythons
  7 frilled lizards
  5 rats
368 creatures vanquished.

Vanquished Creatures (others)
  A demonic plant (D:12)
  5 plants
6 creatures vanquished.

Grand Total: 374 creatures vanquished

Notes
Turn   | Place    | Note
-------+----------+-------------------------------------------
     0 | D:1      | frimble the Demonspawn Hexslinger began the quest for the
                  | Orb.
     0 | D:1      | Reached XP level 1. HP: 15/15 MP: 2/2
    16 | D:1      | Gained mutation: A meltable shield of frost defends you.
                  | (SH +4) [demonic ancestry]
    16 | D:1      | Reached XP level 2. HP: 21/21 MP: 3/3
   350 | D:1      | Gained mutation: You are partially covered in molten
                  | scales. (AC +2) [demonic ancestry]
   350 | D:1      | Reached XP level 3. HP: 26/26 MP: 5/5
  1119 | D:2      | Reached XP level 4. HP: 33/33 MP: 6/6
  1122 | D:2      | Found a burning altar of Makhleb.
  1697 | D:2      | Identified the +4 pair of gloves of the Griffon {rF+}
  2022 | D:3      | Found a faded altar of an unknown god.
  2493 | D:3      | Reached XP level 5. HP: 38/38 MP: 8/8
  3524 | D:4      | Reached skill level 1 in Long Blades
  3845 | D:4      | Noticed a lemure
  3845 | D:4      | Noticed a lemure
  3845 | D:4      | Noticed a lemure
  3845 | D:4      | Noticed a lemure
  3846 | D:4      | Noticed Pikel
  3904 | D:5      | Entered Level 5 of the Dungeon
  4023 | D:5      | Gained mutation: You are mostly covered in molten scales.
                  | (AC +3) [demonic ancestry]
  4023 | D:5      | Reached XP level 6. HP: 14/46 MP: 3/9
  4547 | D:5      | Noticed Grinder
  4558 | D:5      | Paralysed by Grinder for 3 turns
  4581 | D:5      | Killed Grinder
  4582 | D:5      | Reached skill level 2 in Long Blades
  4582 | D:5      | Gained mutation: You are partially covered in sharp spines.
                  | [demonic ancestry]
  4582 | D:5      | Reached XP level 7. HP: 45/53 MP: 8/10
  4904 | D:5      | Reached skill level 3 in Long Blades
  5360 | D:4      | Killed Pikel
  5361 | D:4      | Reached skill level 4 in Long Blades
  5361 | D:4      | Reached XP level 8. HP: 43/64 MP: 6/11
  5766 | D:6      | Reached skill level 5 in Long Blades
  5807 | D:6      | Found a staircase to the Ecumenical Temple.
  6004 | D:6      | Noticed Blork the orc
  6014 | D:6      | Killed Blork the orc
  6015 | D:6      | Reached skill level 6 in Long Blades
  6190 | D:6      | Reached XP level 9. HP: 35/72 MP: 5/12
  6622 | Temple   | Entered the Ecumenical Temple
  6738 | Temple   | Became a worshipper of Cheibriados the Contemplative
  7041 | D:7      | Found a sparkling altar of Nemelex Xobeh.
  7042 | D:7      | Found a burning altar of Makhleb.
  7042 | D:7      | Found a stormy altar of Qazlal.
  7082 | D:7      | Reached skill level 1 in Evocations
  7146 | D:7      | Noticed Duvessa
  7146 | D:7      | Noticed Dowan
  7153 | D:7      | Killed Dowan
  7161 | D:7      | Killed Duvessa
  7168 | D:7      | Reached skill level 7 in Long Blades
  7712 | D:7      | Reached * piety under Cheibriados
  8210 | D:8      | Reached skill level 8 in Long Blades
  8534 | D:8      | Reached ** piety under Cheibriados
  8535 | D:8      | Reached skill level 5 in Evocations
  8760 | D:8      | Gained mutation: A meltable icy envelope protects you from
                  | harm. (AC +4) [demonic ancestry]
  8760 | D:8      | Reached XP level 10. HP: 63/80 MP: 10/13
  8889 | D:8      | Noticed Prince Ribbit
  8893 | D:8      | Killed Prince Ribbit
  9138 | D:8      | Found a staircase to the Lair.
  9162 | D:8      | Reached skill level 9 in Long Blades
 10161 | D:8      | Reached *** piety under Cheibriados
 10187 | D:8      | Noticed a deep elf pyromancer
 10189 | D:8      | Killed a deep elf pyromancer
 10190 | D:8      | Reached skill level 10 in Long Blades
 10578 | D:9      | Found a shimmering altar of Xom.
 10618 | D:9      | Gained mutation: Your touch may inflict minor irresistible
                  | damage on your foes. [demonic ancestry]
 10618 | D:9      | Reached XP level 11. HP: 78/86 MP: 12/14
 10728 | D:9      | Found a staircase to the Orcish Mines.
 10752 | D:9      | Noticed Maurice
 10763 | D:9      | Killed Maurice
 10951 | D:9      | Found a shadowy altar of Dithmenos.
 11104 | D:9      | Reached **** piety under Cheibriados
 11340 | D:10     | Entered Level 10 of the Dungeon
 11517 | D:10     | Reached skill level 1 in Invocations
 12180 | D:11     | Reached ***** piety under Cheibriados
 12193 | D:11     | Reached skill level 11 in Long Blades
 12323 | D:11     | Noticed Josephine
 12329 | D:11     | Killed Josephine
 12330 | D:11     | Reached skill level 5 in Invocations
 12725 | D:11     | Found a runed translucent gate.
 12732 | D:11     | Found a runed translucent gate.
 12733 | D:11     | Found an opulent altar of Gozag.
 12733 | D:11     | Found a runed translucent gate.
 12739 | D:11     | Noticed a five-headed hydra
 12741 | D:11     | Noticed Daxter95's ghost (journeyman MiBe)
 12741 | D:11     | Noticed a boulder beetle
 12759 | D:11     | Noticed Sonja
 12772 | D:11     | Killed Sonja
 12773 | D:11     | Reached skill level 5 in Dodging
 13435 | D:12     | Noticed a skeletal warrior
 13454 | D:12     | Killed a skeletal warrior
 13479 | D:12     | Noticed a skeletal warrior
 13479 | D:12     | Noticed a skeletal warrior
 13497 | D:12     | Killed a skeletal warrior
 13498 | D:12     | Reached XP level 12. HP: 79/92 MP: 13/17
 13605 | D:12     | Found a corrupted altar of Lugonu.
 13709 | D:12     | Noticed Rupert
 13715 | D:12     | Paralysed by Rupert for 4 turns
 13721 | D:12     | Paralysed by Rupert for 5 turns
 13731 | D:12     | Killed Rupert
 13732 | D:12     | Reached skill level 12 in Long Blades
 13872 | D:12     | You fall into a shaft and drop 3 floors!
 13872 | D:15     | Entered Level 15 of the Dungeon
 13876 | D:15     | Noticed a centaur warrior
 13887 | D:15     | Killed a centaur warrior
 13927 | D:15     | Noticed a boulder beetle
 13930 | D:15     | Noticed a six-headed hydra
 14441 | D:15     | Noticed a centaur warrior
 14448 | D:15     | Killed a centaur warrior
 14522 | D:15     | Reached skill level 10 in Invocations
 14908 | D:15     | Reached XP level 13. HP: 99/99 MP: 20/20
 15204 | D:15     | Reached skill level 13 in Long Blades
 15686 | D:15     | Noticed a stone giant
 15702 | D:15     | Killed a stone giant
 15916 | D:15     | Found a staircase to the Depths.
 16165 | D:14     | Found a runed translucent door.
 16166 | D:14     | Noticed Jekitz's ghost (journeyman MiBe)
 16237 | D:14     | Noticed Frances
 16780 | D:13     | Noticed Urug
 16794 | D:13     | Killed Urug
 17088 | D:13     | Reached skill level 10 in Fighting
 17104 | D:13     | Slain by a troll

Illustrated notes

Levels and vault maps discovered:
D:1:      co_arrival_hall_of_pillars, layout_loops_ring,
          nicolae_kite_square_tiling_tiny
D:2:      minmay_inner_zag, layout_basic, basic_altar
D:3:      layout_basic, dreamdust_ecumenical_altar_grove,
          minmay_randomly_rotated_circles
D:4:      layout_basic, chequers_garden, uniq_pikel
D:5:      layout_basic, uniq_grinder
D:6:      layout_rooms, minmay_temple_entry_statues_pillars,
          minmay_misc_feat_alley, serial_bayou_pond_b, minivault_22,
          uniq_blork_the_orc
D:7:      layout_loops_corners, chequers_temple_overflow_statue_of_worship,
          uniq_duvessa
D:8:      minmay_chambers_of_fours, layout_loops_corners, erik_lair_dragon,
          uniq_prince_ribbit1
D:9:      layout_irregular_city, nicolae_overflow_crystal_walls,
          lemuel_doored_altar, orc_0_dummy, uniq_maurice
D:10:     layout_roguey
D:11:     layout_roguey, ebering_ghost_gozag, uniq_sonja, uniq_josephine
D:12:     kennysheep_kobold_lugonu_temple, layout_basic,
          kennysheep_just_a_vault, uniq_fannar, uniq_rupert
D:13:     lemuel_castle_with_subvaults [lemuel_castle_interior_carwin_2],
          layout_irregular_city, lightli_vaults_fourway_checkpoint, uniq_urug,
          uniq_kirke
D:14:     layout_gridville, hellmonk_ghost_happy_afterlife, special_room
          [special_room_orc], solitary_fountain, uniq_frances
D:15:     grunt_enter_depths_snipers, layout_rooms,
          chequers_serial_rivers_small_b
Temple:   minmay_crystal_spiral_temple

Skill      XL: |  1  2  3  4  5  6  7  8  9 10 11 12 13 |
---------------+----------------------------------------+-----
Ranged Weapons | 2 3 4 |  4.0
Dodging        | 2 5 7 |  7.3
Fighting       | 2 3 6 7 8 10 | 10.0
Spellcasting   | 2 |  2.1
Long Blades    | 1 2 4 6 8 10 11 12 13 | 13.6
Hexes          | 4 |  4.0
Evocations     | 5 8 9 |  9.0
Invocations    | 6 10 12 | 12.4

Action                   |  1- 3 |  4- 6 |  7- 9 | 10-12 | 13-15 || total
-------------------------+-------+-------+-------+-------+-------++-------
Melee: Long sword        |       |    89 |   252 |   447 |   175 ||   963
       Punch             |       |       |     9 |    17 |     1 ||    27
       Touch             |       |       |       |    82 |    45 ||   127
       Rapier            |       |       |       |       |     7 ||     7
 Fire: Sling             |   126 |   201 |     2 |    10 |    53 ||   392
 Cast: Slow              |     2 |     2 |       |     9 |     4 ||    17
Invok: Slouch            |       |       |       |     2 |     5 ||     7
       Temporal Distorti |       |       |       |       |     3 ||     3
Evoke: Wand              |       |       |       |    16 |     1 ||    17
       Tin of tremorston |       |       |       |     3 |     1 ||     4
  Use: Scroll            |     2 |     6 |     8 |    19 |     3 ||    38
       Potion            |       |       |       |     5 |     5 ||    10
 Stab: Distracted        |       |     1 |       |       |       ||     1
       Sleeping          |       |       |     1 |     2 |     1 ||     4
       Invisible         |       |       |       |     3 |       ||     3
Armor: Robe              |    16 |   111 |   123 |   119 |       ||   369
       Acid dragon scale |       |       |       |   101 |   149 ||   250
Dodge: Dodged            |    47 |   121 |   177 |   276 |   150 ||   771
Block: Other             |    16 |    38 |    47 |    90 |    36 ||   227

Table legend: (Time is in decaauts)
 A = Elapsed time spent in this place.
 B = Non-inter-level travel time spent in this place.
 C = Inter-level travel time spent in this place.
 D = Time resting spent in this place.
 E = Time spent auto-exploring this place.
 F = Levels seen in this place.
 G = Mean time per level.
                   A        B        C        D        E       F      G
               +--------+--------+--------+--------+--------+-----+--------+
         Total |  20100 |  19118 |    982 |     25 |  16118 |  16 | 1256.2 |
       Dungeon |  19908 |  19013 |    895 |     25 |  16027 |  15 | 1327.2 |
        Temple |    192 |    105 |     87 |      0 |     91 |   1 |  192.0 |
               +--------+--------+--------+--------+--------+-----+--------+

Top non-repeatable levels by time:
     D:8: 3063 daAuts
    D:15: 2616 daAuts
    D:11: 1579 daAuts
     D:7: 1461 daAuts
     D:4: 1304 daAuts
     D:5: 1285 daAuts
     D:3: 1250 daAuts
     D:9: 1198 daAuts
     D:2: 1051 daAuts
    D:10: 1042 daAuts
     D:1: 954 daAuts
     D:6: 931 daAuts
    D:12: 889 daAuts
    D:14: 679 daAuts
    D:13: 600 daAuts
